 Dungeon Crawl Stone Soup version 0.27.1-4-g1640c2035a (webtiles) character file.

Game seed: 13616571499580508701

15164 DearestLeader the Cleaver (level 11, -6/94 HPs)
             Began as a Minotaur Fighter on Nov 2, 2021.
             Was the Champion of Okawaru.
             Mangled by a naga (14 damage)
             ... on level 3 of the Lair of Beasts.
             The game lasted 00:19:24 (13381 turns).

DearestLeader the Cleaver (Minotaur Fighter)       Turns: 13381, Time: 00:19:25

Health: -6/94      AC: 17    Str: 23    XL:     11   Next: 98%
Magic:  15/15      EV:  5    Int:  6    God:    Okawaru [******]
Gold:   682        SH: 13    Dex: 16    Spells: 10/10 levels left

rFire    . . .     SeeInvis .   y - +1 war axe (flame)
rCold    . . .     Faith    .   c - +0 kite shield
rNeg     . . .     Spirit   .   o - +0 plate armour
rPois    .         Reflect  .   (helmet restricted)
rElec    .         Harm     .   k - +1 cloak
rCorr    .         Rampage  .   x - +0 pair of gloves
Will     +....                  (no boots)
Stlth    ..........             (no amulet)
HPRegen  0.25/turn              u - +6 ring of dexterity
MPRegen  0.14/turn              M - ring of willpower

@: constricted
A: horns 2, retaliatory headbutt
a: Renounce Religion, Heroism, Finesse


You were on level 3 of the Lair of Beasts.
You worshipped Okawaru.
Okawaru was exalted by your worship.
You visited 3 branches of the dungeon, and saw 14 of its levels.

You collected 862 gold pieces.
You spent 180 gold pieces at shops.

Inventory:

Hand Weapons
 a - a +0 war axe
 y - a +1 war axe of flaming (weapon)
 G - the +4 hand axe of Nuwo Cits {pain, rC+ Dex+2}
   (Okawaru gifted it to you on level 1 of the Lair of Beasts)

   In the hands of one skilled in necromantic magic, it inflicts extra damage on
   living creatures.
   Dex:       It affects your dexterity (+2).
   rC:        It protects you from cold.
 H - a +0 hand crossbow
 J - a +1 arbalest of freezing
 Q - the +4 battleaxe of Taajualo {flame, Contam Int+3}
   (Okawaru gifted it to you on level 2 of the Lair of Beasts)

   It burns those it strikes, dealing additional fire damage.
   Big, fiery blades are also staple armaments of hydra-hunters.
   Int:       It affects your intelligence (+3).
   Contam:    It causes magical contamination when unequipped.
Missiles
 l - a throwing net
 q - 45 poisoned darts (quivered)
Armour
 c - a +0 kite shield (worn)
 k - a +1 cloak (worn)
 o - a +0 plate armour (worn)
 x - a +0 pair of gloves (worn)
 A - a scarf of repulsion
Jewellery
 n - a ring of fire
 u - a +6 ring of dexterity (left hand)
 M - a ring of willpower (right hand)
Wands
 s - a wand of mindburst (14)
 v - a wand of paralysis (7)
 L - a wand of digging (6)
Scrolls
 e - 6 scrolls of teleportation
 f - 3 scrolls of amnesia
 g - a scroll of summoning
 h - 6 scrolls of enchant weapon
 j - a scroll of silence
 z - 2 scrolls of identify
 B - 2 scrolls of fear
 C - a scroll of enchant armour {unknown}
 D - 3 scrolls of magic mapping
 E - a scroll of brand weapon {unknown}
 N - 2 scrolls of fog {unknown}
 O - a scroll of immolation {unknown}
 P - a scroll of noise {unknown}
Potions
 b - 2 potions of ambrosia {unknown}
 d - a potion of might
 i - a potion of flight {unknown}
 m - a potion of attraction {unknown}
 p - 2 potions of curing
 r - 2 potions of haste {unknown}
 t - 6 potions of heal wounds
 w - a potion of brilliance {unknown}
 I - a potion of mutation {unknown}
 K - a potion of resistance {unknown}
Miscellaneous
 F - a piece from Xom's chessboard (15/15)


   Skills:
 + Level 8.1 Fighting
 * Level 14.5 Axes
 + Level 8.9 Armour
 - Level 4.0 Dodging
 + Level 11.1 Shields
 + Level 7.0 Invocations


You had 10 spell levels left.
You didn't know any spells.
Your spell library contained the following spells:

 Spells                   Type           Power      Damage    Failure   Level
 Magic Dart               Conj           0%         1d3       100%        1
 Sting                    Tmut/Pois      0%         1d3       100%        1
 Blink                    Tloc           N/A        N/A       100%        2
 Call Imp                 Summ           0%         N/A       100%        2
 Corpse Rot               Necr/Air       N/A        N/A       100%        2
 Poisonous Vapours        Pois/Air       0%         N/A       100%        2
 Mephitic Cloud           Conj/Pois/Air  0%         N/A       100%        3
 Dispel Undead            Necr           0%         3d6       100%        4
 Leda's Liquefaction      Hex/Erth       0%         N/A       100%        4
 Olgreb's Toxic Radiance  Pois           0%         N/A       100%        4
 Bolt of Magma            Conj/Fire/Erth 0%         4d4       100%        5
 Manifold Assault         Tloc           0%         N/A       100%        5
 Death Channel            Necr           0%         N/A       100%        6
 Statue Form              Tmut/Erth      0%         N/A       100%        6
 Storm Form               Tmut/Air       0%         N/A       100%        7


Dungeon Overview and Level Annotations

Branches:
Dungeon (10/15)            Temple (1/1) D:4            Lair (3/6) D:10
  Swamp: Lair:2-4    Shoals: Lair:2-4     Snake: Lair:2-4    Spider: Lair:2-4
    Orc: D:9-12

Altars:
Cheibriados
Dithmenos
Gozag
Makhleb
Nemelex Xobeh
Okawaru
Qazlal
Trog
Wu Jian
Xom
Zin

Shops:
D:4 ((!   D:8 !

Annotations:
D:5 3 runed translucent doors, Linguinho's ghost, novice GrFi
D:7 3 runed translucent doors, doomsgape's ghost, novice DENe
D:8 3 runed translucent doors, Terracrafty's ghost, novice OgWz


Innate Abilities, Weirdness & Mutations

You have a pair of horns on your head.
You reflexively headbutt those who attack you in melee.


Message History

You kill the naga!
Okawaru accepts your kill.
A naga comes into view. It is wielding a +0 halberd.
The naga shouts!
Things that are here:
a +0 trident; a +0 robe; a naga corpse A naga comes into view.
It is wielding a +0 trident.
The naga shouts!
You slash the naga! You burn the naga.
The naga is heavily wounded.
The naga barely misses you. The naga completely misses you.
You block the naga's attack. The naga grabs you. The naga constricts you.
You hit the naga but do no damage. You hit the naga. You burn the naga.
The naga hits you with a +0 halberd! You block the naga's attack.
The naga constricts you.
You hit the naga. You burn the naga.
The naga is severely wounded.
You closely miss the naga. The naga spits poison at you.
The splash of poison hits you but does no damage.
You are poisoned.
Your plate armour prevents you from hitting the naga.
The naga is severely wounded.
You hit the naga. You burn the naga.
You feel sick. The naga spits poison at you.
The splash of poison hits you but does no damage.
You are more poisoned.
The naga constricts you. The naga hits you with a +0 halberd.
You barely miss the naga. Your headbutt misses the naga.
The naga is severely wounded.
You hit the naga. You burn the naga.
You feel sick. The naga hits you with a +0 trident!!
* * * LOW HITPOINT WARNING * * *
The naga constricts you.
The naga hits you from afar with a +0 trident!
* * * LOW HITPOINT WARNING * * *
You block the naga's attack.
Okay, then.
You feel better. The naga hits you with a +0 trident!
You die...

# ...... ... ....... .. #
#......##.. . .............
### . ............ ##.... .
..........##...... .
........N#.N.# .
#.....#.@N..# . #
#...#...#...# #..## ..
#..†.)..##...... ##...#
...##........###....
##....#
...............#####
#.....#
....#...##.....#....#
#...... ...
#....#..........## #....# #
#..........##.....##....#
#.....#.#P...##.....#P.....


You could see 3 nagas.

Vanquished Creatures
  A hydra (Lair:3)
  Erica (Lair:2)
  Pikel (D:7)
  2 black mambas (Lair:1)
  Joseph (D:7)
  4 komodo dragons (Lair:1)
  2 cane toads (Lair:1)
  A rime drake (Lair:2)
  A troll (D:10)
  A shadow (D:10)
  2 wyverns (Lair:1)
  2 basilisks
  23 yaks
  2 steam dragons
  A naga (Lair:3)
  Menkaure (D:6)
  10 water moccasins
  4 orc warriors
  4 black bears
  3 ogres
  18 wolves
  3 centaurs
  The ghost of H0rd4k the Charlatan, an amateur HuAr (D:3)
  2 bullfrogs
  A gnoll sergeant (D:7)
  4 scorpions
  A wyvern zombie (D:8)
  2 electric eels (D:10)
  7 howler monkeys
  2 centaur zombies (D:9)
  6 hounds
  A centaur skeleton (D:7)
  A bullfrog skeleton (D:5)
  7 orc priests
  Crazy Yiuf (D:2)
  A jelly (D:4)
  2 iguanas
  4 orc wizards
  3 killer bee zombies
  A mummy (D:5)
  4 howler monkey zombies
  Robin (D:2)
  11 adders
  9 gnolls
  A shadow imp (D:5)
  3 white imps
  2 adder skeletons (D:4)
  An adder zombie (D:5)
  3 worms
  A dart slug (D:3)
  19 orcs
  9 ball pythons
  6 endoplasms
  5 giant cockroaches
  21 goblins
  7 hobgoblins
  2 jackals (D:2)
  5 quokkas
  5 bats
  2 frilled lizards (D:3)
  12 kobolds
  5 rats
269 creatures vanquished.

Vanquished Creatures (others)
  A wizard (D:3)
  2 fungi
  7 plants
  2 withered plants (D:3)
12 creatures vanquished.

Grand Total: 281 creatures vanquished

Notes
Turn   | Place    | Note
-------+----------+-------------------------------------------
     0 | D:1      | DearestLeader the Minotaur Fighter began the quest for the
                  | Orb.
     0 | D:1      | Reached XP level 1. HP: 19/19 MP: 0/0
    93 | D:1      | Found a faded altar of an unknown god.
   199 | D:1      | Reached XP level 2. HP: 27/27 MP: 1/1
   240 | D:1      | Reached skill level 3 in Axes
   553 | D:2      | Noticed Robin
   568 | D:2      | Reached XP level 3. HP: 11/33 MP: 2/2
  1048 | D:2      | Killed Robin
  1339 | D:2      | Reached skill level 4 in Axes
  1423 | D:2      | Reached XP level 4. HP: 39/40 MP: 3/3
  1476 | D:2      | Found a runed translucent door.
  1477 | D:2      | Noticed Crazy Yiuf
  1835 | D:2      | Killed Crazy Yiuf
  2155 | D:3      | Reached XP level 5. HP: 43/46 MP: 4/4
  2186 | D:3      | Found a burning altar of Makhleb.
  2256 | D:3      | Found a bloodstained altar of Trog.
  2257 | D:3      | Noticed a wizard
  2262 | D:3      | Killed a wizard
  2426 | D:3      | Found a runed translucent door.
  2427 | D:3      | Noticed H0rd4k's ghost (amateur HuAr)
  2969 | D:3      | Killed H0rd4k's ghost
  2970 | D:3      | Reached skill level 5 in Axes
  3232 | D:4      | Found a staircase to the Ecumenical Temple.
  3247 | Temple   | Entered the Ecumenical Temple
  3262 | Temple   | Became a worshipper of Warmaster Okawaru
  3273 | D:4      | Reached skill level 5 in Shields
  3273 | D:4      | Reached XP level 6. HP: 53/53 MP: 5/5
  3608 | D:4      | Identified the +0 leather armour of the Untouchables {*Slow
                  | rCorr Int-5 Dex+6 SInv}
  3652 | D:4      | Reached skill level 5 in Fighting
  3652 | D:4      | Reached skill level 6 in Axes
  3652 | D:4      | Reached skill level 5 in Armour
  3946 | D:4      | Found Nyusefrauc's Distillery.
  3953 | D:4      | Reached XP level 7. HP: 61/61 MP: 6/6
  3954 | D:4      | Bought 2 potions of heal wounds for 120 gold pieces
  3954 | D:4      | Bought a potion of heal wounds for 60 gold pieces
  4084 | D:4      | Found Ehius's Weapon Shoppe.
  4308 | D:4      | Found Byumang's Weapon Shop.
  4378 | D:5      | Entered Level 5 of the Dungeon
  4492 | D:5      | Found a snail-covered altar of Cheibriados.
  4722 | D:5      | Found a runed translucent gate.
  4722 | D:5      | Found a runed translucent gate.
  4722 | D:5      | Found a runed translucent gate.
  4723 | D:5      | Noticed Linguinho's ghost (novice GrFi)
  4804 | D:5      | Found an opulent altar of Gozag.
  4867 | D:5      | Reached skill level 1 in Dodging
  4981 | D:5      | Reached skill level 7 in Axes
  5078 | D:5      | Found a shadowy altar of Dithmenos.
  5080 | D:5      | Found an ornate altar of the Wu Jian Council.
  5158 | D:6      | Found a sparkling altar of Nemelex Xobeh.
  5186 | D:6      | Reached * piety under Okawaru
  5341 | D:6      | Reached XP level 8. HP: 68/68 MP: 7/7
  5389 | D:6      | Noticed Menkaure
  5399 | D:6      | Killed Menkaure
  5400 | D:6      | Reached skill level 8 in Axes
  5769 | D:7      | Noticed Joseph
  5893 | D:7      | Killed Joseph
  5893 | D:7      | Reached ** piety under Okawaru
  5894 | D:7      | Reached skill level 9 in Axes
  6202 | D:7      | Reached skill level 1 in Invocations
  6205 | D:7      | Reached XP level 9. HP: 66/74 MP: 8/8
  6208 | D:7      | Reached skill level 10 in Axes
  6220 | D:7      | Reached *** piety under Okawaru
  6520 | D:7      | You fall into a shaft and drop 1 floor!
  6533 | D:8      | Found a runed translucent gate.
  6533 | D:8      | Found a runed translucent gate.
  6535 | D:8      | Found a runed translucent gate.
  6535 | D:8      | Found an opulent altar of Gozag.
  6537 | D:8      | Noticed a meliai
  6537 | D:8      | Noticed Terracrafty's ghost (novice OgWz)
  6602 | D:7      | Noticed a kobold demonologist
  6603 | D:7      | Found a runed translucent gate.
  6603 | D:7      | Noticed doomsgape's ghost (novice DENe)
  6604 | D:7      | Found a runed translucent gate.
  6605 | D:7      | Found a runed translucent gate.
  6606 | D:7      | Noticed Pikel
  6621 | D:7      | Killed Pikel
  6622 | D:7      | Reached skill level 11 in Axes
  6698 | D:7      | Found a stormy altar of Qazlal.
  6967 | D:8      | Found Zaor's Distillery.
  7455 | D:8      | Reached **** piety under Okawaru
  7506 | D:8      | Reached XP level 10. HP: 47/81 MP: 12/12
  7511 | D:8      | Reached skill level 12 in Axes
  8683 | D:9      | Reached ***** piety under Okawaru
  9086 | D:9      | Found a shimmering altar of Xom.
  9287 | D:10     | Entered Level 10 of the Dungeon
  9698 | D:10     | Reached skill level 5 in Invocations
  9941 | D:10     | Received a gift from Okawaru
  9958 | D:10     | Reached skill level 13 in Axes
  9958 | D:10     | Reached skill level 10 in Shields
 10156 | D:10     | Found a staircase to the Lair.
 11058 | Lair:1   | Entered Level 1 of the Lair of Beasts
 11137 | Lair:1   | Reached XP level 11. HP: 91/91 MP: 14/14
 11606 | Lair:1   | Identified the +4 hand axe of Nuwo Cits {pain, rC+ Dex+2}
                  | (Okawaru gifted it to you on level 1 of the Lair of Beasts)
 11606 | Lair:1   | Received a gift from Okawaru
 12098 | Lair:2   | Noticed Erica
 12110 | Lair:2   | Killed Erica
 12175 | Lair:2   | Reached skill level 14 in Axes
 12440 | Lair:2   | Identified the ring "Josaec" {rF- rN+ Str+8 Slay-5 SInv}
 12538 | Lair:2   | Identified the +4 battleaxe of Taajualo {flame, Contam
                  | Int+3} (Okawaru gifted it to you on level 2 of the Lair of
                  | Beasts)
 12538 | Lair:2   | Received a gift from Okawaru
 13232 | Lair:3   | Reached ****** piety under Okawaru
 13355 | Lair:3   | Noticed a seven-headed hydra
 13365 | Lair:3   | Killed a three-headed hydra
 13380 | Lair:3   | HP: 1/94 [naga (12)]
 13381 | Lair:3   | Mangled by a naga

Illustrated notes

Levels and vault maps discovered:
D:1:      dpeg_arrival_three_bigger_balls, layout_rooms,
          dreamdust_ecumenical_altar_angels_and_demons, serial_bayou_pond_a,
          dk_noncrumbling_4
D:2:      layout_basic, kennysheep_generic_room_8, uniq_robin,
          uniq_crazy_yiuf_cottage
D:3:      layout_basic, bloody_makhleb, trog_wizard, gammafunk_ghost_grave,
          minmay_misc_feat_cross, grunt_decor_one_mirror, serial_park_tiny_1,
          corexii_shack
D:4:      layout_loops_ring, minmay_temple_entry_waves, serial_shops,
          shop_fountains, shop, shop
D:5:      layout_basic, nicolae_gozag_seed_capital,
          nicolae_overflow_hidden_temple, slow_altar_2, gammafunk_ghost_split
D:6:      layout_rooms, mainiacjoe_overflow_surrounded_room, uniq_menkaure
D:7:      layout_rooms, mainiacjoe_overflow_paths,
          gammafunk_ghost_nasty_kobolds, uniq_joseph, uniq_pikel
D:8:      layout_basic, serial_shops, nicolae_shop_statue_plus,
          ebering_ghost_gozag, minmay_misc_feat_five
D:9:      layout_cave_pools, mainiacjoe_overflow_alcove_4
D:10:     layout_basic, erik_lair_island
Temple:   bh_familiar_temple
Lair:1:   layout_big_grid
Lair:2:   layout_long_grid, uniq_erica
Lair:3:   layout_regular_city, minmay_snake_entry_guardpost_medium,
          wad_woods_road_01, lemuel_oklob_altar, serial_bayou_shore_b

Skill      XL: |  1  2  3  4  5  6  7  8  9 10 11 |
---------------+----------------------------------+-----
Axes           | 3 4 5 6 7 9 11 13 14 | 14.5
Armour         | 4 5 6 7 8 |  8.9
Fighting       | 4 5 6 8 |  8.1
Shields        | 4 5 6 7 9 10 11 | 11.1
Dodging        | 2 4 |  4.0
Invocations    | 1 4 5 7 |  7.0

Action                   |  1- 3 |  4- 6 |  7- 9 | 10-12 || total
-------------------------+-------+-------+-------+-------++-------
Melee: War axe           |    75 |   139 |   193 |   297 ||   704
       Headbutt          |    14 |    17 |    58 |    86 ||   175
Throw: Throwing net      |       |     1 |       |       ||     1
       Dart              |       |       |       |     9 ||     9
Invok: Heroism           |       |       |       |     1 ||     1
Evoke: Wand              |       |       |       |     1 ||     1
  Use: Scroll            |       |     2 |     5 |     2 ||     9
       Potion            |       |     1 |       |     3 ||     4
Armor: Scale mail        |    45 |       |       |       ||    45
       Chain mail        |       |    55 |    73 |       ||   128
       Plate armour      |       |       |    12 |   141 ||   153
Dodge: Dodged            |    30 |    23 |    49 |    73 ||   175
Block: Kite shield       |    52 |    77 |   125 |   201 ||   455
